 Dungeon Crawl Stone Soup version 0.31-a0-435-g2c6fae2916 (webtiles) character file.

Game seed: 14331516009697611556

2500086 Shard1697 the Victor of a Thousand Battles (level 27, 251/251 HPs)
             Began as a Ghoul Monk on Aug 1, 2023.
             Was the Champion of Okawaru.
             Escaped with the Orb
             ... and 4 runes!
             The game lasted 01:48:19 (63258 turns).

Shard1697 the Victor of a Thousand Battles (GhMo)  Turns: 63258, Time: 01:48:19

Health: 251/251    AC: 45    Str: 49      XL:     27
Magic:  29/29      EV: 14    Int:  6 (9)  God:    Okawaru [******]
Gold:   6760       SH: 21    Dex: 17      Spells: 24/26 levels left

rFire   + +          +
                       - Unarmed
rCold   + + +        H - +2 shield of Resistance {rF++ rC++ Will++}
rNeg    + + +        U - +13 crystal plate armour of Vymya {*Corrode rN+ Str+2}
rPois   ∞            S - +2 hat "Yxior" {rElec Int-2 Dex+3 Stlth+}
rElec   +            Q - scarf of the Byakko {rC+ rF+, rCorr Str+4 Dex+3}
rCorr   +            (no gloves)
SInv    .            E - +2 pair of boots {Stlth+}
Will    ++++.        f - amulet of reflection Stlth
                     V - ring "Neak" {Str+6 Int+6}
HPRegen 0.61/turn    X - ring "Hixef" {rF+ rN+ MP-9 Str+8 Stlth-}
MPRegen 0.21/turn

%: corrode self (3%), reflection
@: studying Ranged Weapons
A: claws 1, cold resistance 1, negative energy resistance 3, inhibited
regeneration, torment resistance 2, devour on kill
0: Orb of Zot
}: 4/15 runes: decaying, silver, abyssal, gossamer
a: Renounce Religion, Heroism, Finesse, Duel


You escaped.
You worshipped Okawaru.
Okawaru was exalted by your worship.
You visited 11 branches of the dungeon, and saw 55 of its levels.
You visited the Abyss 1 time.
You visited 1 bazaar.
You also visited: Ice Cave.

You collected 9276 gold pieces.
You spent 2516 gold pieces at shops.

Inventory:

Missiles
 I - 10 javelins
Armour
 k - the +6 tower shield "Ybrut" {*Slow rElec Will+++ Dex+3}
   (Okawaru gifted it to you on level 2 of the Realm of Zot)

   Dex:       It affects your dexterity (+3).
   rElec:     It insulates you from electricity.
   *Slow:     It may slow you when you take damage.
   Will:      It greatly increases your willpower.
 q - a +2 helmet of see invisible
 s - the +1 cloak of Starlight {*Dazzle EV+4 Stlth--}
   (You found it on level 2 of the Depths)

   *Dazzle:   It may blind those who miss an attack against the wearer in melee
   combat.
   EV:        It affects your evasion (+4).
   Stlth:     It makes you much less stealthy.
 B - a +2 cloak of stealth
 E - a +2 pair of boots of stealth (worn)
 G - the +8 ice dragon scales of Qoqucw {rF- rC++ rN+ Int+2 Dex+2}
   (Okawaru gifted it to you on level 3 of the Lair of Beasts)

   Int:       It affects your intelligence (+2).
   Dex:       It affects your dexterity (+2).
   rF:        It makes you vulnerable to fire.
   rC:        It greatly protects you from cold.
   rN:        It protects you from negative energy.
 H - the +2 shield of Resistance (worn) {rF++ rC++ Will++}
   (You found it on level 4 of the Lair of Beasts)

   rF:        It greatly protects you from fire.
   rC:        It greatly protects you from cold.
   Will:      It greatly increases your willpower.
 N - the +0 helmet of the Catfish {Harm Int+4}
   (Okawaru gifted it to you on level 1 of the Orcish Mines)

   Int:       It affects your intelligence (+4).
   Harm:      It increases damage dealt and taken.
 Q - the scarf of the Byakko (worn) {rC+ rF+, rCorr Str+4 Dex+3}
   (Okawaru gifted it to you on level 1 of the Spider Nest)

   Str:       It affects your strength (+4).
   Dex:       It affects your dexterity (+3).
   rCorr:     It protects you from acid and corrosion.
 S - the +2 hat "Yxior" (worn) {rElec Int-2 Dex+3 Stlth+}
   (You found it on level 4 of the Spider Nest)

   Int:       It affects your intelligence (-2).
   Dex:       It affects your dexterity (+3).
   rElec:     It insulates you from electricity.
   Stlth:     It makes you more stealthy.
 U - the +13 crystal plate armour of Vymya (worn) {*Corrode rN+ Str+2}
   (Okawaru gifted it to you on level 4 of the Depths)

   Str:       It affects your strength (+2).
   rN:        It protects you from negative energy.
   *Corrode:  It may corrode you when you take damage.
Jewellery
 f - an amulet of reflection (around neck)
 p - a +4 ring of protection
 C - a +5 ring of evasion
 T - the dreamshard necklace {Acrobat *Dream}
   (You found it on level 2 of the Depths)

   [amulet of the acrobat]

   *Dream:    It absorbs a single lethal wound into itself, holding its wearer
   just short of death and releasing dream-creatures to guard them.
   It increases your evasion while moving and waiting.
 V - a ring "Neak" (left claw) {Str+6 Int+6}
   (You found it on level 3 of the Elven Halls)

   [ring of intelligence]

   Str:       It affects your strength (+6).
   Int:       It affects your intelligence (+6).
 X - the ring "Hixef" (right claw) {rF+ rN+ MP-9 Str+8 Stlth-}
   (You found it on level 3 of the Crypt)

   [ring of positive energy]

   Str:       It affects your strength (+8).
   rF:        It protects you from fire.
   rN:        It protects you from negative energy.
   MP:        It affects your magic capacity (-9).
   Stlth:     It makes you less stealthy.
Wands
 c - a wand of iceblast (14)
 e - a wand of quicksilver (15)
 j - a wand of flame (168)
 w - a wand of digging (44)
 A - a wand of paralysis (38)
 D - a wand of mindburst (20)
Scrolls
 a - 7 scrolls of fog
 g - 13 scrolls of poison
 m - 3 scrolls of fear
 n - 20 scrolls of teleportation
 u - 5 scrolls of silence
 y - a scroll of revelation
 L - 4 scrolls of enchant armour
 M - 38 scrolls of identify
Potions
 b - 8 potions of ambrosia
 d - 5 potions of might
 h - 21 potions of curing
 i - a potion of magic
 l - 8 potions of brilliance
 r - 5 potions of resistance
 t - 6 potions of cancellation
 x - 22 potions of heal wounds
 z - 7 potions of haste
 F - 4 potions of invisibility
 R - 7 potions of enlightenment
Miscellaneous
 v - a lightning rod (4/4)
 J - a condenser vane
 K - a phial of floods


   Skills:
 - Level 21.4 Fighting
 - Level 19.2 Armour
 - Level 10.3 Dodging
 - Level 6.0 Stealth
 - Level 15.0 Shields
 - Level 24.6 Unarmed Combat
 + Level 10.5 Translocations
 - Level 24.8 Invocations
 - Level 17.7 Evocations


You had 24 spell levels left.
You knew the following spells:

 Your Spells              Type           Power      Damage    Failure   Level
a - Blink                 Tloc           24%        N/A       5%          2

Your spell library contained the following spells:

 Spells                   Type           Power      Damage    Failure   Level
 Apportation              Tloc           24%        N/A       3%          1
 Lesser Beckoning         Tloc           24%        N/A       5%          2
 Gell's Gravitas          Tloc           12%        N/A       11%         3
 Teleport Other           Tloc           12%        N/A       11%         3
 Manifold Assault         Tloc           12%        N/A       36%         4
 Passage of Golubria      Tloc           12%        N/A       36%         4
 Momentum Strike          Conj/Tloc      12%        3d8       43%         2
 Portal Projectile        Hex/Tloc       12%        N/A       67%         3
 Vhi's Electric Charge    Tloc/Air       12%        N/A       67%         3
 Volatile Blastmotes      Fire/Tloc      12%        2d11      67%         3
 Foxfire                  Conj/Fire      0%         2x1d4     95%         1
 Freeze                   Ice            0%         1d3       95%         1
 Kiss of Death            Conj/Necr      0%         2d5       95%         1
 Magic Dart               Conj           0%         1d3       95%         1
 Necrotise                Necr           0%         1d4       95%         1
 Sandblast                Erth           0%         2d4       95%         1
 Shock                    Conj/Air       0%         1d3       95%         1
 Slow                     Hex            0%         N/A       95%         1
 Iskenderun's Mystic Bla  Conj/Tloc      6%         2d4       97%         4
 Ensorcelled Hibernation  Hex/Ice        0%         N/A       99%         2
 Passwall                 Tmut/Erth      0%         N/A       99%         2
 Poisonous Vapours        Pois/Air       0%         N/A       99%         2
 Scorch                   Fire           0%         2d5       99%         2
 Searing Ray              Conj           0%         2d4       99%         2
 Static Discharge         Conj/Air       0%         2-2/arc   99%         2
 Dispersal                Tloc           6%         N/A       99%         6
 Confusing Touch          Hex            0%         N/A       100%        3
 Dazzling Flash           Conj/Hex       0%         N/A       100%        3
 Frozen Ramparts          Ice            0%         1d1       100%        3
 Hailstorm                Conj/Ice       0%         3d3       100%        3
 Inner Flame              Hex/Fire       0%         N/A       100%        3
 Mephitic Cloud           Conj/Pois/Air  0%         N/A       100%        3
 Ozocubu's Armour         Ice            0%         N/A       100%        3
 Stone Arrow              Conj/Erth      0%         3d7       100%        3
 Swiftness                Air            0%         N/A       100%        3
 Vampiric Draining        Necr           0%         2d6       100%        3
 Airstrike                Air            0%         2d(0-16)  100%        4
 Anguish                  Hex/Necr       0%         N/A       100%        4
 Dispel Undead            Necr           0%         3d6       100%        4
 Flame Wave               Conj/Fire      0%         2d4       100%        4
 Fulminant Prism          Conj/Hex       0%         3d5       100%        4
 Leda's Liquefaction      Hex/Erth       0%         N/A       100%        4
 Olgreb's Toxic Radiance  Pois           0%         N/A       100%        4
 Petrify                  Tmut/Erth      0%         N/A       100%        4
 Agony                    Necr           0%         N/A       100%        5
 Alistair's Intoxication  Tmut/Pois      0%         N/A       100%        5
 Arcjolt                  Conj/Air       0%         1d10      100%        5
 Freezing Cloud           Conj/Ice/Air   0%         6-21      100%        5
 Iskenderun's Battlesphe  Conj           0%         2d6       100%        5
 Lee's Rapid Deconstruct  Erth           0%         3d4*      100%        5
 Metabolic Englaciation   Hex/Ice        0%         N/A       100%        5
 Silence                  Hex/Air        0%         N/A       100%        5
 Yara's Violent Unravell  Hex/Tmut       0%         3d3       100%        5
 Conjure Ball Lightning   Conj/Air       0%         3x3d6     100%        6
 Leda's Unmaking          Conj/Erth      0%         9d1       100%        6
 Plasma Beam              Fire/Air       0%         2x1d10    100%        6
 Starburst                Conj/Fire      0%         6d3       100%        6
 Enfeeble                 Hex            0%         N/A       100%        7
 Ozocubu's Refrigeration  Ice            0%         4d7       100%        7
 Discord                  Hex            0%         N/A       100%        8
 Disjunction              Tloc           6%         N/A       100%        8
 Ignition                 Fire           0%         3d3       100%        8
 Maxwell's Capacitive Co  Air            0%         ∞         100%        8
 Chain Lightning          Conj/Air       0%         N/A       100%        9
 Fire Storm               Conj/Fire      0%         5d1       100%        9
 Polar Vortex             Ice            0%         N/A       100%        9
 Shatter                  Erth           0%         3d5*      100%        9
 Summon Small Mammal      Summ           Unusable   N/A       N/A         1
 Call Imp                 Summ           Unusable   N/A       N/A         2
 Call Canine Familiar     Summ           Unusable   N/A       N/A         3
 Tukima's Dance           Hex            Unusable   N/A       N/A         3
 Summon Lightning Spire   Summ/Air       Unusable   N/A       N/A         4
 Simulacrum               Ice/Necr       Unusable   N/A       N/A         6
 Summon Cactus Giant      Summ           Unusable   N/A       N/A         6
 Spellforged Servitor     Conj/Summ      Unusable   N/A       N/A         7

Dungeon Overview and Level Annotations

Branches:
Dungeon (15/15)            Temple (0/1) D:6            Lair (5/5) D:8
  Swamp (4/4) Lair:2       Spider (4/4) Lair:2        Slime (5/5) Lair:5
    Orc (2/2) D:9             Elf (3/3) Orc:2        Vaults (5/5) D:14
  Crypt (3/3) Vaults:2       Tomb (0/3) Crypt:3      Depths (4/4) D:15
    Zot (5/5) Depths:4      IceCv (visited)

Altars:
Ashenzari
Fedhas
Gozag
Hepliaklqana
Kikubaaqudgha
Okawaru
Qazlal
Sif Muna
Uskayaw
Vehumet
Wu Jian
Yredelemnul
Lugonu

Shops:
D:5 :=[(   D:8 *   Orc:1 ?   Elf:3 !   Vaults:1 !   Depths:1 (

Portals:
Hell: Depths:1 Depths:2 Depths:4
Abyss: Depths:1 Depths:2 Depths:3
Pandemonium: Depths:1 Depths:2
Ziggurat: Depths:1

Annotations:
Swamp:2 Roxanne
Depths:1 2 transporters
Depths:3 2 runed translucent doors
Depths:4 1 exclusion
Zot:2 1 transporter


Innate Abilities, Weirdness & Mutations

You are immune to poison.
You have sharp fingernails.
Your flesh is cold resistant. (rC+)
You are immune to negative energy. (rN+++)
You do not regenerate when monsters are visible.
You are immune to unholy pain and torment.
You thrive by killing the living.


Message History

The balrug gestures at you. Something smites you! The balrug gestures at you.
The fireball explodes!
The fireball engulfs you but does no damage.
You hear a shout!
There is a stone staircase leading up here.
You climb upwards.
There is a stone staircase leading down here.
HP restored.
An Ice Fiend comes into view.
The Ice Fiend roars!
Aiming: Quicksilver Bolt
Press: ? - help, Shift-Dir - straight line, f - Ice Fiend
Aim: an Ice Fiend (89% to hit)
The bolt of dispelling energy hits the Ice Fiend!!
The Ice Fiend is moderately wounded.
The Ice Fiend gestures at you. The bolt of cold hits you. You resist.
Aiming: Quicksilver Bolt
Press: ? - help, Shift-Dir - straight line, f/p - Ice Fiend
Aim: an Ice Fiend (moderately wounded, 89% to hit)
The bolt of dispelling energy hits the Ice Fiend!!
The Ice Fiend is heavily wounded.
Aiming: Quicksilver Bolt
Press: ? - help, Shift-Dir - straight line, f/p - Ice Fiend
Aim: an Ice Fiend (heavily wounded, 89% to hit)
The bolt of dispelling energy hits the Ice Fiend!!
The Ice Fiend is almost dead.
The Ice Fiend gestures at you.
The bolt of cold hits you but does no damage.
Aiming: Quicksilver Bolt
Press: ? - help, Shift-Dir - straight line, f/p - Ice Fiend
Aim: an Ice Fiend (almost dead, 89% to hit)
The bolt of dispelling energy hits the Ice Fiend!!
You kill the Ice Fiend!
Okawaru accepts your kill.
There is an open gate here.
There is a staircase leading out of the dungeon here.
You have escaped!

#..##.#
####.#....#
#..........#
......#
#......#
#..........#
...####
##.....#
#..........#
..## ###....#
#..........#
### ##......#
#..........# #
#.#######
#..........# #
###.#8.#.#
############ #
##...#'#..#
####..#..'#.@#
#....####'#..#
#####.####
#8.#.# ......#
###### #######


There were no monsters in sight!

Vanquished Creatures
  the Royal Jelly (Slime:5)
  11 orbs of fire
  2 dread liches (Crypt:3)
  2 ancient liches (Zot:5)
  Khufu (Crypt:2)
  A juggernaut (Zot:4)
  2 royal mummies (Crypt:3)
  Josephina (Crypt:3)
  6 Killer Klowns
  3 curse toes
  6 caustic shrikes
  Bai Suzhen (Crypt:1)
  Xtahua (Crypt:1)
  Jory (Vaults:4)
  10 golden dragons
  2 bone dragons (Crypt:3)
  3 electric golems
  A Brimstone Fiend (D:14)
  An Ice Fiend (D:1)
  25 tentacled monstrosities
  A Hell Sentinel (D:5)
  Jorgrun (D:15)
  5 liches
  29 Orb Guardians
  9 acid blobs
  5 titans
  2 deep elf master archers (Elf:3)
  15 death cobs
  5 quicksilver dragons
  A tentacled starspawn (Abyss:3)
  3 ancient champions (Crypt:3)
  4 deep elf blademasters
  An Executioner (Abyss:3)
  Agnes (Elf:2)
  6 sphinxes
  Frances (D:12)
  3 thorn hunters
  13 storm dragons
  6 tengu reavers
  4 revenants
  4 shadow dragons
  Donald (Vaults:4)
  8 draconian monks
  A fenstrider witch (Swamp:3)
  10 azure jellies
  Aizul (Spider:3)
  8 draconian knights
  8 fire giants
  8 rockslimes
  7 emperor scorpions
  5 deep elf elementalists (Elf:3)
  2 iron dragons
  9 frost giants
  5 ghost moths
  3 ghouls
  A cacodemon (Zot:1)
  Louise (D:15)
  9 deep elf sorcerers
  4 curse skulls
  11 draconian scorchers
  13 draconian shifters
  6 draconian stormcallers
  15 vault wardens
  2 caustic shrike skeletons (Depths:2)
  7 draconian annihilators
  8 ironbound thunderhulks
  A quicksilver ooze (shapeshifter) (Depths:2)
  2 spriggan defenders
  7 quicksilver oozes
  22 very ugly things
  20 stone giants
  4 formless jellyfish
  3 war gargoyles
  23 ironbound preservers
  3 grey draconians (Zot:3)
  A broodmother (Spider:4)
  A reaper (Crypt:3)
  14 green draconians
  6 vampire knights
  8 deep elf demonologists
  6 eleionomae
  16 red draconians
  15 black draconians
  15 purple draconians
  9 dire elephants
  6 spark wasps
  4 bunyips
  12 white draconians
  9 deep elf annihilators
  12 yellow draconians
  Snorg (Orc:1)
  3 eidola
  The ghost of Newt the Covert, a journeyman KoHu of Okawaru (D:14)
  15 ettins
  6 jiangshi
  18 fire dragons
  7 deep elf death magi
  2 crystal guardians (Vaults:4)
  A servant of whispers (Vaults:2)
  15 yaktaur captains
  7 entropy weavers
  Fannar (D:10)
  15 ice dragons
  3 shambling mangroves
  7 rakshasas
  7 deep elf high priests
  9 great orbs of eyes
  12 hydras
  36 vault guards
  3 jorogumos
  3 peacekeepers
  4 radroaches
  A spriggan zombie (Crypt:2)
  A juggernaut simulacrum (Crypt:3)
  2 spriggan air magi
  3 catoblepae
  9 centaur warriors
  4 spriggan skeletons
  A hell beast (Zot:1)
  13 boulder beetles
  6 ironbound frosthearts
  4 death knights
  A two-headed ogre (D:12)
  4 alligators
  3 ghost crabs
  8 tengu warriors
  A death scarab (Spider:1)
  12 demonic crawlers
  13 death yaks
  24 dancing weapons
  3 hell hogs (D:13)
  9 vampire magi
  2 Orb Guardian skeletons (Crypt:1)
  12 deep troll earth magi
  An orc high priest (Elf:3)
  A titan zombie (Crypt:2)
  9 deep troll shamans
  3 spriggan berserkers
  Urug (D:12)
  3 sun demons
  13 deep elf knights
  5 spriggans
  2 wretched stars
  7 hell knights
  A shock serpent (shapeshifter) (Vaults:5)
  A sun moth (Spider:1)
  2 soul eaters
  Nergalle (D:12)
  A fire crab (Swamp:4)
  A titan skeleton (Crypt:3)
  13 iron trolls
  5 shadow wraiths
  6 goliath frogs
  6 pharaoh ants
  A sixfirhy (Zot:1)
  11 skeletal warriors
  9 orb spiders
  68 deep trolls
  8 flayed ghosts
  2 spriggan druids (Swamp:3)
  12 swamp dragons
  A quicksilver dragon simulacrum (Crypt:3)
  5 glowing orange brains
  A swamp dragon (shapeshifter) (Depths:2)
  7 bog bodies
  17 ironbound convokers
  An iron giant skeleton (Crypt:3)
  6 orc knights
  2 spriggan simulacra
  10 deep elf archers
  10 necromancers
  8 lindwurms
  13 wizards
  A shadow dragon zombie (Crypt:3)
  A harpy (shapeshifter) (Depths:1)
  13 phantasmal warriors
  11 steelbarb worms
  25 deep elf zephyrmancers
  2 shining eyes (Slime:3)
  An orc sorcerer (Vaults:5)
  48 ugly things
  27 wolf spiders
  A shining eye (shapeshifter) (Depths:2)
  23 deep elf pyromancers
  An iron dragon zombie (Crypt:2)
  A fire giant zombie (Crypt:2)
  3 oklob plants (Lair:2)
  A salamander (Depths:4)
  32 moths of wrath
  6 will-o-the-wisps
  A moth of wrath (shapeshifter) (Vaults:2)
  5 cyclopes
  2 manticores
  An eye of devastation (Slime:2)
  10 elephants
  3 dire elephant zombies (Crypt:2)
  16 cane toads
  An iron dragon skeleton (Crypt:2)
  Maurice (D:10)
  An ice statue (IceCv)
  A smoke demon (Depths:4)
  13 vault sentinels
  2 black mambas
  11 rime drakes
  6 torpor snails
  8 freezing wraiths
  A kobold demonologist (D:11)
  3 efreet
  20 yaktaurs
  An orb spider zombie (Crypt:3)
  7 guardian mummies
  8 tengu conjurers
  A catoblepas skeleton (Abyss:3)
  10 komodo dragons
  5 trolls
  A silent spectre (Abyss:3)
  A merfolk (shapeshifter) (Spider:3)
  A mana viper zombie (Crypt:2)
  3 meliai (Spider:2)
  9 polar bears
  5 tyrant leeches
  5 large abominations
  24 blink frogs
  16 dream sheep
  A tarantella (shapeshifter) (Depths:4)
  34 tarantellas
  13 hornets
  Prince Ribbit (D:5)
  2 saltlings (Vaults:2)
  An alligator zombie (Crypt:1)
  A raiju (Abyss:3)
  74 slime creatures
  25 jumping spiders
  4 flying skulls (Crypt:3)
  An ettin zombie (Crypt:1)
  2 ynoxinuls
  24 culicivoras
  A vampire (D:9)
  11 wraiths
  A water elemental (Elf:3)
  5 wyverns
  3 fire elementals
  4 basilisks
  60 yaks
  A chaos spawn (Abyss:3)
  3 fire bats (Swamp:4)
  10 steam dragons
  71 redbacks
  2 neqoxecs
  12 vampire mosquitoes
  5 wargs
  18 swamp worms
  A hydra simulacrum (Crypt:3)
  17 water moccasins
  A small abomination (Abyss:3)
  2 floating eyes
  9 swamp drakes
  A sky beast (D:8)
  2 black bears
  21 orc warriors
  A hog zombie (Crypt:3)
  7 ogres
  A centaur (shapeshifter) (Depths:2)
  A lindwurm skeleton (Crypt:3)
  6 centaurs
  23 wolves
  A swamp dragon skeleton (Crypt:3)
  7 earth elementals
  A necrophage (Crypt:1)
  7 bullfrogs
  3 gnoll sergeants
  A scorpion (D:5)
  A cyclops skeleton (Crypt:1)
  A warg zombie (Crypt:1)
  5 wights (D:6)
  13 killer bees
  2 howler monkeys (D:9)
  6 electric eels
  A crimson imp (D:12)
  5 lava snakes
  A basilisk zombie (Crypt:3)
  2 hounds (D:6)
  11 orc priests
  A sleepcap (D:5)
  An iron imp (Abyss:3)
  6 jellies
  4 human zombies (Crypt:1)
  A scorpion zombie (Crypt:2)
  4 iguanas
  13 orc wizards
  A boggart zombie (Crypt:3)
  A tengu skeleton (Crypt:1)
  13 mummies (Crypt:3)
  6 adders
  18 gnolls
  2 white imps
  2 ufetubi
  A jelly zombie (Crypt:1)
  An adder skeleton (Crypt:3)
  5 worms
  2 dart slugs
  62 orcs
  A bat (D:2)
  6 endoplasms
  2 giant cockroaches
  3 goblins
  3 hobgoblins
  2 jackals (D:1)
  6 quokkas
  7 ball pythons
  A ball python skeleton (Crypt:2)
  A frilled lizard (D:3)
  A goblin skeleton (Crypt:2)
  3 kobolds
  An orc zombie (Crypt:2)
  3 rats (D:2)
  A rat skeleton (Crypt:1)
  A river rat skeleton (Crypt:3)
2295 creatures vanquished.

Vanquished Creatures (others)
  A Hell Sentinel (Vaults:1)
  A draconian shifter (Zot:3)
  A vault warden (Vaults:1)
  An alligator (Swamp:1)
  A shadow wraith (Vaults:4)
  A swamp dragon (Swamp:4)
  2 lindwurms
  A moth of wrath (Zot:3)
  A vault sentinel (Vaults:1)
  A freezing wraith (Vaults:1)
  A tyrant leech (Swamp:4)
  3 bloated husks
  A dire elephant simulacrum (Crypt:3)
  A vampire mosquito (Swamp:1)
  3 swamp drakes (Swamp:4)
  An orc warrior (Vaults:5)
  17 foxfires
  A lurking horror (Abyss:3)
  2 starspawn tentacles (Abyss:3)
41 creatures vanquished.

Grand Total: 2336 creatures vanquished

Notes
Turn   | Place    | Note
-------+----------+-------------------------------------------
     0 | D:1      | Shard1697 the Ghoul Monk began the quest for the Orb.
     0 | D:1      | Reached XP level 1. HP: 19/19 MP: 0/0
   152 | D:1      | Reached XP level 2. HP: 26/26 MP: 1/1
   610 | D:2      | Reached XP level 3. HP: 20/31 MP: 2/2
  1423 | D:3      | Found a basalt altar of Yredelemnul.
  1434 | D:3      | Reached skill level 5 in Unarmed Combat
  1439 | D:3      | Found a radiant altar of Vehumet.
  1477 | D:3      | Found a faded altar of an unknown god.
  1667 | D:3      | Reached XP level 4. HP: 35/38 MP: 3/3
  1976 | D:4      | Noticed an ogre
  1981 | D:4      | Killed an ogre
  1982 | D:4      | Reached XP level 5. HP: 31/45 MP: 4/4
  2113 | D:4      | Identified the ring of False Pretenses {rN+ Dex+3}
  2180 | D:4      | Reached XP level 6. HP: 52/52 MP: 5/5
  2338 | D:4      | Found an opulent altar of Gozag.
  2738 | D:5      | Entered Level 5 of the Dungeon
  2788 | D:5      | Found Gunahun's Weapon Shoppe.
  2798 | D:5      | Identified the +10 falchion "Cuxoku" {heavy, Fly Dex+3}
  2855 | D:5      | Noticed Prince Ribbit
  2872 | D:5      | Killed Prince Ribbit
  2873 | D:5      | Reached skill level 5 in Fighting
  2873 | D:5      | Reached XP level 7. HP: 36/61 MP: 6/6
  3127 | D:5      | Found Qeuph's Book Shoppe.
  3293 | D:5      | Found Utwidaej's Jewellery Shoppe.
  3648 | D:5      | Found Dilud's Antique Armour Shoppe.
  3700 | D:6      | Found an iron altar of Okawaru.
  3706 | D:6      | Became a worshipper of Warmaster Okawaru
  3706 | D:6      | Reached * piety under Okawaru
  3706 | D:6      | Reached ** piety under Okawaru
  3731 | D:6      | Reached skill level 1 in Invocations
  3731 | D:6      | Reached XP level 8. HP: 32/71 MP: 7/7
  3995 | D:6      | Found an ornate altar of the Wu Jian Council.
  4146 | D:6      | Found a staircase to the Ecumenical Temple.
  4234 | D:6      | Reached *** piety under Okawaru
  4931 | D:7      | Reached XP level 9. HP: 46/81 MP: 10/10
  5212 | D:8      | Reached skill level 10 in Unarmed Combat
  5234 | D:8      | Found a hide-covered altar of Uskayaw.
  5263 | D:8      | Found a staircase to the Lair.
  5272 | D:8      | Reached **** piety under Okawaru
  5813 | D:8      | Found a blossoming altar of Fedhas.
  5835 | D:8      | Found Biycle Feive's Serpentskin Sales.
  6001 | D:5      | Bought a +4 ring of protection for 396 gold pieces
  6324 | D:8      | Reached skill level 5 in Invocations
  6361 | D:9      | Found a hazy altar of Hepliaklqana.
  6383 | D:9      | Reached XP level 10. HP: 92/93 MP: 12/12
  6421 | D:9      | Reached ***** piety under Okawaru
  6475 | D:9      | Reached skill level 10 in Fighting
  6545 | D:9      | Found a broken altar of Ashenzari.
  6579 | D:9      | Reached skill level 1 in Armour
  6579 | D:9      | Reached skill level 1 in Stealth
  6596 | D:9      | Found a stormy altar of Qazlal.
  6785 | D:9      | Found a staircase to the Orcish Mines.
  7109 | D:10     | Entered Level 10 of the Dungeon
  7115 | D:10     | Noticed Maurice
  7122 | D:10     | Killed Maurice
  7122 | D:10     | Received a gift from Okawaru
  7261 | D:10     | Noticed Fannar
  7266 | D:10     | Reached XP level 11. HP: 88/99 MP: 14/14
  7284 | D:10     | Killed Fannar
  7699 | D:10     | Found a shimmering blue altar of Sif Muna.
  7964 | D:11     | Noticed a six-headed hydra
  7978 | D:11     | Killed a six-headed hydra
  7979 | D:11     | Reached skill level 5 in Armour
  8049 | D:11     | Received a gift from Okawaru
  8228 | D:11     | Noticed a manticore
  8236 | D:11     | Killed a manticore
  8526 | D:11     | Noticed a green ugly thing
  8543 | D:11     | Killed a green ugly thing
  8544 | D:11     | Reached skill level 5 in Stealth
  8883 | Lair:1   | Entered Level 1 of the Lair of Beasts
  9014 | Lair:1   | Reached skill level 1 in Evocations
  9188 | Lair:1   | Reached XP level 12. HP: 106/106 MP: 16/16
  9253 | Lair:1   | Reached ****** piety under Okawaru
  9253 | Lair:1   | Received a gift from Okawaru
  9432 | Lair:1   | You fall into a shaft and drop 1 floor!
 10499 | Lair:2   | Found a hole to the Spider Nest.
 10513 | Lair:2   | Reached skill level 15 in Unarmed Combat
 11338 | Lair:2   | Noticed an eight-headed hydra
 11347 | Lair:2   | Killed an eight-headed hydra
 11347 | Lair:2   | Received a gift from Okawaru
 11348 | Lair:2   | Reached XP level 13. HP: 64/113 MP: 14/17
 11601 | Lair:2   | Found a staircase to the Swamp.
 11754 | Lair:3   | Found a frozen archway.
 11811 | IceCv    | Entered an ice cave
 11820 | IceCv    | Reached skill level 5 in Evocations
 12343 | IceCv    | Reached skill level 10 in Armour
 12420 | IceCv    | Received a gift from Okawaru
 12474 | IceCv    | Noticed a frost giant
 12491 | IceCv    | Killed a frost giant
 12999 | Lair:3   | Reached skill level 5 in Dodging
 13515 | Lair:3   | Identified the +8 ice dragon scales of Qoqucw {rF- rC++ rN+
                  | Int+2 Dex+2} (Okawaru gifted it to you on level 3 of the
                  | Lair of Beasts)
 13515 | Lair:3   | Received a gift from Okawaru
 13850 | Lair:4   | Reached XP level 14. HP: 120/121 MP: 18/18
 13937 | Lair:4   | Identified the +4 mace of Freehold {heavy, Fly rElec}
 14065 | Lair:4   | Found the +2 shield of Resistance {rF++ rC++ Will++}
 14162 | Lair:4   | Reached skill level 1 in Shields
 14756 | Lair:4   | Found a runed translucent door.
 14779 | Lair:4   | Reached skill level 5 in Shields
 14783 | Lair:4   | Found a runed translucent gate.
 14784 | Lair:4   | Found a runed translucent gate.
 14785 | Lair:4   | Found a runed translucent gate.
 14785 | Lair:4   | Found a runed translucent gate.
 14785 | Lair:4   | Found a runed translucent gate.
 14786 | Lair:4   | Found a runed translucent gate.
 14868 | Lair:4   | Reached XP level 15. HP: 124/126 MP: 19/19
 14983 | Lair:5   | Entered Level 5 of the Lair of Beasts
 15085 | Lair:5   | Received a gift from Okawaru
 15094 | Lair:5   | Found a staircase to the Slime Pits.
 15447 | Lair:5   | Reached skill level 10 in Shields
 15648 | Lair:5   | Received a gift from Okawaru
 15993 | Lair:5   | Identified the +1 glaive of the Shoals {pain, rElec rN+
                  | Str-3 Stlth+}
 16406 | Orc:1    | Entered Level 1 of the Orcish Mines
 16792 | Orc:1    | Reached XP level 16. HP: 132/135 MP: 18/20
 16909 | Orc:1    | Found Bauxuga's Magic Scroll Shoppe.
 16916 | Orc:1    | Bought a scroll of acquirement for 624 gold pieces
 16916 | Orc:1    | Acquired 865 gold pieces
 16918 | Orc:1    | Bought a scroll of enchant armour for 90 gold pieces
 16918 | Orc:1    | Bought a scroll of teleportation for 36 gold pieces
 16918 | Orc:1    | Bought a scroll of fog for 48 gold pieces
 16918 | Orc:1    | Bought a scroll of blinking for 90 gold pieces
 16918 | Orc:1    | Bought a scroll of teleportation for 36 gold pieces
 16918 | Orc:1    | Bought a scroll of identify for 24 gold pieces
 16957 | Orc:1    | Identified the +0 helmet of the Catfish {Harm Int+4}
                  | (Okawaru gifted it to you on level 1 of the Orcish Mines)
 16957 | Orc:1    | Received a gift from Okawaru
 17016 | Orc:1    | Noticed Snorg
 17027 | Orc:1    | Killed Snorg
 17244 | Orc:2    | Entered Level 2 of the Orcish Mines
 17244 | Orc:2    | Found a staircase to the Elven Halls.
 17742 | D:12     | Noticed Urug
 17754 | D:12     | Killed Urug
 17884 | D:12     | Noticed Nergalle
 17896 | D:12     | Killed Nergalle
 18177 | D:12     | Noticed Frances
 18192 | D:12     | Killed Frances
 19891 | D:14     | Found a large runed translucent door.
 19892 | D:14     | Found a large runed translucent door.
 19894 | D:14     | Noticed Newt's ghost (journeyman KoHu)
 20260 | D:14     | Found a gate to the Vaults.
 20611 | D:14     | Killed Newt's ghost
 20626 | D:14     | Got Vehumet's Directory of Conflict
 20673 | D:15     | Entered Level 15 of the Dungeon
 20729 | D:14     | Identified the +1 ring mail of Qieticuj {Regen+} (Okawaru
                  | gifted it to you on level 14 of the Dungeon)
 20729 | D:14     | Received a gift from Okawaru
 21359 | D:15     | Found a staircase to the Depths.
 21440 | D:15     | Noticed Louise
 21470 | D:15     | Killed Louise
 21669 | D:15     | Noticed Jorgrun
 21682 | D:15     | Killed Jorgrun
 22006 | Swamp:1  | Entered Level 1 of the Swamp
 22166 | Swamp:1  | Reached XP level 17. HP: 118/146 MP: 21/21
 22422 | Swamp:1  | Reached skill level 10 in Dodging
 23344 | Swamp:2  | Noticed Roxanne
 24027 | Swamp:3  | Received a gift from Okawaru
 24351 | Swamp:3  | Identified the +5 flail of Uhisu {flame, Fragile Will-
                  | Str+4 Dex+9}
 24636 | Swamp:4  | Entered Level 4 of the Swamp
 25264 | Swamp:4  | Reached skill level 10 in Evocations
 25774 | Swamp:4  | Got a decaying rune of Zot
 25939 | Spider:1 | Entered Level 1 of the Spider Nest
 25965 | Spider:1 | Reached XP level 18. HP: 157/157 MP: 22/22
 26249 | Spider:1 | Got the Compendium of the Bane and Turbulence
 26422 | Spider:1 | Identified the scarf of the Byakko {rC+ rF+, rCorr Str+4
                  | Dex+3} (Okawaru gifted it to you on level 1 of the Spider
                  | Nest)
 26422 | Spider:1 | Received a gift from Okawaru
 28558 | Spider:3 | Identified the scarf "Xupuocek" {rC+ rF+, Int+2} (Okawaru
                  | gifted it to you on level 3 of the Spider Nest)
 28558 | Spider:3 | Received a gift from Okawaru
 29263 | Spider:3 | Noticed Aizul
 29272 | Spider:3 | Killed Aizul
 30057 | Spider:4 | Entered Level 4 of the Spider Nest
 30247 | Spider:4 | Reached XP level 19. HP: 168/168 MP: 23/23
 30525 | Spider:4 | Identified the staff of Yesterday {rPois Will+ Poison}
 30592 | Spider:4 | Received a gift from Okawaru
 30600 | Spider:4 | Reached skill level 15 in Fighting
 31354 | Spider:4 | Got a gossamer rune of Zot
 31360 | Spider:4 | Identified the +0 hat of Kis Toag Sov {rPois rN++ MP+9
                  | SInv}
 31362 | Spider:4 | Identified the +2 hat "Yxior" {rElec Int-2 Dex+3 Stlth+}
 31715 | Vaults:1 | Entered Level 1 of the Vaults
 31774 | Vaults:1 | Identified the +6 plate armour of the Hart {*Slow rF++
                  | Int+2} (Okawaru gifted it to you on level 1 of the Vaults)
 31774 | Vaults:1 | Received a gift from Okawaru
 31794 | Vaults:1 | Found a transporter.
 31838 | Vaults:1 | Found a transporter.
 31887 | Vaults:1 | Noticed a Hell Sentinel
 31894 | Vaults:1 | Killed a Hell Sentinel
 31917 | Vaults:1 | Identified the ring "Ribasch" {rF+ rN+ Int+2 Dex+5}
 31941 | Vaults:1 | Identified the ring of Biary {*Slow rC+ Will++ rCorr}
 31964 | Vaults:1 | You fall into a shaft and drop 1 floor!
 32644 | Vaults:2 | Reached XP level 20. HP: 180/180 MP: 24/24
 32802 | Vaults:2 | Received a gift from Okawaru
 33043 | Vaults:2 | Found a staircase to the Crypt.
 33043 | Vaults:2 | Found a basalt altar of Yredelemnul.
 33044 | Vaults:2 | Found an ancient bone altar of Kikubaaqudgha.
 33831 | Vaults:1 | Found Qiuxuewk's Distillery.
 33857 | Vaults:1 | Bought 2 potions of heal wounds for 210 gold pieces
 33857 | Vaults:1 | Bought a potion of haste for 210 gold pieces
 33857 | Vaults:1 | Bought a potion of heal wounds for 105 gold pieces
 34409 | Vaults:1 | Identified the +0 helmet "Peny" {rF+ Dex+3} (Okawaru gifted
                  | it to you on level 1 of the Vaults)
 34409 | Vaults:1 | Received a gift from Okawaru
 36868 | Vaults:4 | Noticed Jory
 36930 | Vaults:4 | Noticed Donald
 36946 | Vaults:4 | Killed Jory
 36952 | Vaults:4 | Killed Donald
 36958 | Vaults:4 | Reached XP level 21. HP: 183/192 MP: 25/25
 37067 | Vaults:4 | Identified the +10 plate armour of Okawaru's Inspiration
                  | {*Corrode Str+5} (Okawaru gifted it to you on level 4 of
                  | the Vaults)
 37067 | Vaults:4 | Received a gift from Okawaru
 38155 | Depths:1 | Entered Level 1 of the Depths
 38288 | Depths:1 | Found a transporter.
 38290 | Depths:1 | Identified the ring "Ygysuydd" {AC+4 Int+2}
 38299 | Depths:1 | Found a one-way gate to the infinite horrors of the Abyss.
 38777 | Depths:1 | Found a one-way gateway to a ziggurat.
 38956 | Depths:1 | Received a gift from Okawaru
 39027 | Depths:1 | Found a transporter.
 39079 | Depths:1 | Found a corrupted altar of Lugonu.
 39306 | Depths:1 | Found Boedabi's Antique Weapon Boutique.
 39477 | Depths:1 | Found a gateway to Hell.
 39539 | Depths:1 | Found a one-way gate leading to the halls of Pandemonium.
 39761 | Depths:2 | Identified the +0 pair of boots of the Yeti {rN+ Str-2
                  | Dex+3 Slay+2} (Okawaru gifted it to you on level 2 of the
                  | Depths)
 39761 | Depths:2 | Received a gift from Okawaru
 39804 | Depths:2 | You fall into a shaft and drop 2 floors!
 39804 | Depths:4 | Entered Level 4 of the Depths
 39829 | Depths:4 | Reached XP level 22. HP: 196/204 MP: 26/26
 39835 | Depths:4 | Reached skill level 15 in Shields
 39856 | Depths:4 | Found a flickering gateway to a bazaar.
 39876 | Bazaar   | Entered a bazaar
 39876 | Bazaar   | Found Veovung's Distillery.
 39876 | Bazaar   | Found Wogio's Book Shoppe.
 39876 | Bazaar   | Found Miedgham's Antique Armour Emporium.
 39946 | Bazaar   | Bought a potion of heal wounds for 60 gold pieces
 39948 | Bazaar   | Bought a polished chain mail for 275 gold pieces
 39948 | Bazaar   | Identified the +0 chain mail "Haclan" {Dex+3} (You bought
                  | it in a shop in a bazaar)
 39992 | Depths:4 | Noticed a caustic shrike
 39993 | Depths:4 | Noticed a caustic shrike
 39993 | Depths:4 | Noticed a caustic shrike
 39994 | Depths:4 | Noticed a caustic shrike
 39995 | Depths:4 | Noticed a caustic shrike
 40010 | Depths:3 | Killed a caustic shrike
 40015 | Depths:3 | Killed a caustic shrike
 40025 | Depths:3 | Killed a caustic shrike
 40354 | Depths:2 | Identified the +8 scale mail of Xom's Whim {rC- rN+++
                  | Slay+5}
 40683 | Depths:2 | Found the +1 cloak of Starlight {*Dazzle EV+4 Stlth--}
 40962 | Depths:2 | Identified the +5 great sword of Instinct {protect, +Blink
                  | Int+2}
 40963 | Depths:2 | Identified the +6 great mace of the Fortifying Whale
                  | {flame, Dex+4}
 41220 | Depths:2 | Identified the +3 longbow of Hospitality {freeze, rN+}
                  | (Okawaru gifted it to you on level 2 of the Depths)
 41220 | Depths:2 | Received a gift from Okawaru
 41228 | Depths:2 | Noticed a golden dragon
 41238 | Depths:2 | Killed a golden dragon
 41565 | Depths:2 | Noticed a caustic shrike
 41567 | Depths:2 | Noticed a caustic shrike
 41578 | Depths:2 | Killed a caustic shrike
 41633 | Depths:2 | Received a gift from Okawaru
 41702 | Depths:2 | Found the dreamshard necklace {Acrobat *Dream}
 41953 | Depths:3 | Killed a caustic shrike
 41960 | Depths:3 | Killed a caustic shrike
 42215 | Depths:3 | Paralysed by a floating eye for 2 turns
 42275 | Depths:3 | Reached XP level 23. HP: 191/215 MP: 27/27
 42662 | Depths:3 | Found a runed translucent door.
 42663 | Depths:3 | Found a runed translucent door.
 42699 | Depths:4 | Received a gift from Okawaru
 43780 | Depths:4 | Identified the +13 crystal plate armour of Vymya {*Corrode
                  | rN+ Str+2} (Okawaru gifted it to you on level 4 of the
                  | Depths)
 43780 | Depths:4 | Received a gift from Okawaru
 44117 | Depths:4 | Found a gate to the Realm of Zot.
 44825 | Slime:1  | Entered Level 1 of the Pits of Slime
 45147 | Slime:5  | Entered Level 5 of the Pits of Slime
 45485 | Slime:5  | Noticed the Royal Jelly
 45499 | Slime:5  | Killed the Royal Jelly
 45523 | Slime:5  | Identified the +2 broad axe of Action {elec, Int+2}
 45551 | Slime:5  | Identified the +9 scimitar of Lies {heavy, rPois rC+ rN++
                  | Dex-3}
 45557 | Slime:5  | Got Jytid's Reference Book on Shifting and Fire
 45599 | Slime:5  | Identified the +6 mace "Gankuhiu" {flame, Str+3}
 46025 | Elf:1    | Entered Level 1 of the Elven Halls
 46122 | Elf:1    | Identified the amulet of Darkness {Spirit rPois rN+ MP+9
                  | Str-5}
 46328 | Elf:1    | Reached XP level 24. HP: 228/228 MP: 27/28
 46847 | Elf:2    | Identified the +0 pair of boots of Neujuw {Fly rPois Str+3
                  | Int-4} (Okawaru gifted it to you on level 2 of the Elven
                  | Halls)
 46847 | Elf:2    | Received a gift from Okawaru
 46878 | Elf:2    | Found a runed translucent gate.
 46898 | Elf:2    | Got Spellcasting Continued
 47044 | Elf:2    | Found a runed translucent gate.
 47044 | Elf:2    | Found a runed translucent gate.
 47056 | Elf:2    | Reached skill level 10 in Invocations
 47198 | Elf:2    | Noticed Agnes
 47209 | Elf:2    | Killed Agnes
 47666 | Elf:3    | Entered Level 3 of the Elven Halls
 47666 | Elf:3    | Found Gec Lanudu's Distillery.
 47800 | Elf:3    | Bought 2 potions of invisibility for 208 gold pieces
 47800 | Elf:3    | Bought a potion of invisibility for 104 gold pieces
 47835 | Elf:3    | Found an ancient bone altar of Kikubaaqudgha.
 48167 | Elf:3    | Found a runed translucent door.
 48218 | Elf:3    | Identified the +4 scale mail of Leitedic {Will+}
 48353 | Elf:3    | Received a gift from Okawaru
 48449 | Elf:3    | Identified the ring "Nischem" {MP+9 SInv}
 48461 | Elf:3    | Identified a ring "Neak" {Str+6 Int+6}
 48466 | Elf:3    | Identified the +8 great mace of Finer {antimagic, Int+4}
 48500 | Elf:3    | Identified the +4 demon whip "Gudus" {drain, rN+ Int+3}
 48550 | Elf:3    | Identified the ring of Ewosa {Ice rN+ Int+2}
 48570 | Elf:3    | Identified the +1 ring mail of Vlad {Int+3}
 48595 | Elf:3    | Identified the +0 robe of the Several Mouths {+Blink Int-2
                  | Stlth+}
 48618 | Elf:3    | Identified the +0 battleaxe of Ointment {heavy, rF+ rCorr}
 48640 | Elf:3    | Reached skill level 15 in Invocations
 48648 | Elf:3    | Identified the +3 falchion "Ceje" {spect, rF++}
 49297 | Vaults:5 | Entered Level 5 of the Vaults
 49674 | Vaults:5 | Identified the +5 battleaxe "Duffud" {vamp, rN+}
 49746 | Vaults:4 | Reached XP level 25. HP: 236/236 MP: 34/34
 49937 | Vaults:5 | Identified the +2 robe of the Present {Int-5 SInv Archmagi}
 50168 | Vaults:5 | Identified the +1 falchion "Ocruf" {freeze, Dex+4 Stlth-}
 50184 | Vaults:5 | Identified the +3 quarterstaff of Jijoyq {vamp, Str-3 Int+3
                  | Dex+4} (Okawaru gifted it to you on level 5 of the Vaults)
 50184 | Vaults:5 | Received a gift from Okawaru
 50414 | Vaults:5 | Identified the +3 lajatang of Egaag {flame, *Slow rPois
                  | SInv}
 50422 | Vaults:5 | Identified the +1 scale mail of the Vanishing Friends
                  | {rElec Str+2} (Okawaru gifted it to you on level 5 of the
                  | Vaults)
 50422 | Vaults:5 | Received a gift from Okawaru
 50825 | Vaults:5 | Identified the ring of Eternal Night {rPois Int+3}
 50951 | Vaults:5 | Found the ring of the Mage {Wiz Archmagi}
 51126 | Vaults:5 | Got the Catalogue of the Foul Serac
 51129 | Vaults:5 | Identified the +0 plate armour "Quneric" {rPois rF- Int+7
                  | Stlth+}
 51135 | Vaults:5 | Got a silver rune of Zot
 51424 | Crypt:1  | Entered Level 1 of the Crypt
 51703 | Crypt:1  | Noticed Xtahua
 51710 | Crypt:1  | Killed Xtahua
 51855 | Crypt:1  | Found a basalt altar of Yredelemnul.
 52153 | Crypt:1  | You fall into a shaft and drop 1 floor!
 52766 | Crypt:2  | Identified the +0 scale mail "Miefuck" {Rampage}
 52959 | Crypt:1  | Noticed Bai Suzhen
 52971 | Crypt:1  | Killed Bai Suzhen
 53426 | Crypt:3  | Entered Level 3 of the Crypt
 53431 | Crypt:3  | Noticed Khufu
 53438 | Crypt:3  | Noticed a royal mummy
 53442 | Crypt:3  | Noticed a royal mummy
 53461 | Crypt:2  | Killed Khufu
 53526 | Crypt:3  | Killed a royal mummy
 53527 | Crypt:3  | Reached XP level 26. HP: 225/244 MP: 36/36
 53533 | Crypt:3  | Killed a royal mummy
 53633 | Crypt:3  | Received a gift from Okawaru
 53915 | Crypt:3  | Identified the ring "Goob" {Ice Fly Str+3}
 53915 | Crypt:3  | Noticed Josephina
 53918 | Crypt:3  | Noticed a dread lich
 53933 | Crypt:3  | Killed Josephina
 53940 | Crypt:3  | Noticed a dread lich
 54230 | Crypt:3  | Killed a dread lich
 54459 | Crypt:3  | Identified the +7 hand axe of the Common Good {holy,
                  | *Corrode Will+ Str+5}
 54505 | Crypt:3  | Found a staircase to the Tomb.
 54597 | Crypt:2  | Found an ancient bone altar of Kikubaaqudgha.
 55029 | Crypt:3  | Killed a dread lich
 55055 | Crypt:3  | Received a gift from Okawaru
 55081 | Crypt:3  | Identified the ring "Pichi" {rN+ Will+}
 55081 | Crypt:3  | Identified the ring "Hixef" {rF+ rN+ MP-9 Str+8 Stlth-}
 55127 | Crypt:3  | Identified the +2 ring mail of Amorality {rC+ Str-4 Int+3
                  | SInv}
 55447 | Zot:1    | Entered Level 1 of the Realm of Zot
 56108 | Zot:1    | You fall into a shaft and drop 1 floor!
 56108 | Zot:2    | Found a transporter.
 56910 | Zot:2    | Noticed a Killer Klown
 56957 | Zot:2    | Killed a Killer Klown
 57364 | Zot:2    | Reached skill level 15 in Armour
 57366 | Zot:2    | Identified the +6 tower shield "Ybrut" {*Slow rElec Will+++
                  | Dex+3} (Okawaru gifted it to you on level 2 of the Realm of
                  | Zot)
 57366 | Zot:2    | Received a gift from Okawaru
 57864 | Zot:3    | Reached XP level 27. HP: 196/251 MP: 29/38
 58244 | Abyss:3  | Cast into level 3 of the Abyss (black draconian knight)
 58369 | Abyss:3  | Found a corrupted altar of Lugonu.
 58450 | Abyss:3  | Found a corrupted altar of Lugonu.
 58492 | Abyss:3  | Got an abyssal rune of Zot
 58562 | Zot:3    | Escaped the Abyss
 58726 | Zot:3    | Noticed an orb of fire
 58743 | Zot:3    | Killed an orb of fire
 59245 | Zot:3    | Noticed an orb of fire
 59525 | Zot:3    | Identified the -1 cloak of the Hall of Blades {rElec Will+}
                  | (Okawaru gifted it to you on level 3 of the Realm of Zot)
 59525 | Zot:3    | Received a gift from Okawaru
 59818 | Zot:4    | Noticed a juggernaut
 59842 | Zot:4    | Killed a juggernaut
 60039 | Zot:4    | Noticed an orb of fire
 60056 | Zot:4    | Killed an orb of fire
 60480 | Zot:4    | Reached skill level 15 in Evocations
 60904 | Zot:5    | Entered Level 5 of the Realm of Zot
 60972 | Zot:5    | Received a gift from Okawaru
 61435 | Zot:5    | Noticed an ancient lich
 61440 | Zot:5    | Killed an ancient lich
 61451 | Zot:5    | Noticed an orb of fire
 61452 | Zot:5    | Noticed an orb of fire
 61453 | Zot:5    | Noticed an orb of fire
 61471 | Zot:5    | Killed an orb of fire
 61475 | Zot:5    | Killed an orb of fire
 61484 | Zot:5    | Killed an orb of fire
 61484 | Zot:5    | Identified the +1 buckler "Magiu" {rF- rN+ Int+6} (Okawaru
                  | gifted it to you on level 5 of the Realm of Zot)
 61484 | Zot:5    | Received a gift from Okawaru
 61485 | Zot:5    | Noticed an orb of fire
 61502 | Zot:5    | Killed an orb of fire
 61771 | Zot:5    | Learned a level 2 spell: Blink
 61787 | Zot:5    | Reached skill level 1 in Translocations
 61910 | Zot:5    | Noticed an orb of fire
 61912 | Zot:5    | Reached skill level 5 in Translocations
 61934 | Zot:5    | Killed an orb of fire
 61948 | Zot:5    | Noticed an orb of fire
 61963 | Zot:5    | Noticed an ancient lich
 61966 | Zot:5    | Killed an orb of fire
 61978 | Zot:5    | Noticed an orb of fire
 61980 | Zot:5    | Killed an ancient lich
 61990 | Zot:5    | Noticed an orb of fire
 61999 | Zot:5    | Noticed an orb of fire
 62226 | Zot:4    | Killed an orb of fire
 62234 | Zot:5    | Killed an orb of fire
 62239 | Zot:5    | Killed an orb of fire
 62264 | Zot:5    | Identified the +5 quarterstaff of the World {heavy, Str+3}
                  | (Okawaru gifted it to you on level 5 of the Realm of Zot)
 62264 | Zot:5    | Received a gift from Okawaru
 62510 | Zot:5    | Got the Orb of Zot
 62749 | Depths:3 | Noticed a seraph
 62887 | D:13     | Reached skill level 10 in Translocations
 63258 | D:$      | Escaped with the Orb!

Illustrated notes

Levels and vault maps discovered:
D:1:      saegor_arrival_simple_c, layout_rooms, skrybe_limestone_x
D:2:      layout_loops_ring, st_stairs_1, grunt_ministairs_15,
          minmay_nonomino_d4
D:3:      layout_basic, mainiacjoe_overflow_catwalk,
          mainiacjoe_overflow_tiny_flanked,
          chequers_ecumenical_altar_simple_redux, dreamdust_wishing_well
D:4:      layout_rooms, mainiacjoe_overflow_big_doors
D:5:      layout_basic, serial_shops, nicolae_shop_tiny_real_fake_doors,
          nicolae_shop_behind_doors, nicolae_book_shop_shelving,
          nicolae_shop_tiny_statue_garden, uniq_prince_ribbit1
D:6:      layout_basic, okawaru_ov_weapons_minmay,
          mainiacjoe_overflow_cross_hatched,
          minmay_temple_entry_statues_fountains
D:7:      layout_basic
D:8:      layout_basic, fedhas_altar_2, nicolae_uskayaw_dance_hall,
          david_lair_generic, guppyfry_shop_venom
D:9:      layout_basic, nicolae_ashenzari_panopticon, grunt_qazlal_clouds,
          worldfamousw_hep_ancestral_shrine, orc_0_dummy
D:10:     layout_loops_ring, nicolae_sif_muna_little_library,
          grunt_decor_arrowhead, hangedman_glass_teeth, uniq_maurice,
          uniq_fannar
D:11:     layout_grid_maze, zin_academy
D:12:     layout_long_grid, minmay_fire_ice_demons, uniq_frances, uniq_nergalle,
          uniq_urug
D:13:     layout_stronghold
D:14:     layout_basic, david_vaults_2, ebering_ghost_disaster_area,
          serial_park_tiny_2
D:15:     grunt_enter_depths_hoard, layout_rooms, dreamdust_princess_corridor,
          chequers_serial_rivers_small_3, uniq_jorgrun, uniq_louise
Lair:1:   layout_hall_layers, grunt_megastairs_3, infiniplex_staircase_pool
Lair:2:   layout_chaotic_city, palyth_hydra_swamp_entry,
          nicolae_spider_entry_orb_guardian, minmay_lair_oklob_items,
          disabler_island, grunt_megastairs_4
Lair:3:   layout_loops_ring, portal_ice_cave_rime, serial_bayou,
          serial_bayou_pond_e, serial_bayou_crossing, serial_bayou_lake_a,
          serial_bayou_pond_a, cheibrodos_lair_lostbears
Lair:4:   gammafunk_indiana_jones, layout_long_grid, wad_woods_river_02,
          chequers_serial_rivers_small_a
Lair:5:   grunt_lair_end_beastmaster, layout_regular_city,
          nicolae_slime_entry_field_trip, infiniplex_staircase_pool_2
Swamp:1:  layout_basic_swamp, evilmike_swamp_ruin_house_1
Swamp:2:  layout_basic_swamp, evilmike_swamp_ruin_house_6, uniq_roxanne
Swamp:3:  layout_basic_swamp, hangedman_swamp_ruin_wall
Swamp:4:  swamp_fiery, layout_basic_swamp
Spider:1: layout_spider_delve
Spider:2: layout_spider_delve
Spider:3: layout_chambers, hellmonk_deceptive_appearances,
          nicolae_spider_cling_halls, uniq_aizul
Spider:4: grunt_spider_rune_circles, worms_lemuel
Slime:1:  layout_caves, nicolae_slime_barrier
Slime:2:  layout_caves
Slime:3:  layout_caves
Slime:4:  cheibrodos_slime_lost_civilization_10, layout_caves
Slime:5:  slime_pit_nicolae_jellycorners
Orc:1:    layout_diamond_mine, basic_altar, serial_shops, nicolae_shop_trees,
          uniq_snorg
Orc:2:    st_orc_elflike, layout_caves, minmay_orc_temple_b
Elf:1:    minmay_elf_arrival_plus, layout_geoelf_diagonals,
          minmay_elf_demonology
Elf:2:    elven_hall_of_blades_hangedman_original
          [infiniplex_blade_entry_pillars], layout_rooms, uniq_agnes
Elf:3:    minmay_elf_hall_quartered_circle, layout_geoelf_castle, serial_shops,
          nicolae_shop_waterfront, basic_altar, minivault_13
Vaults:1: ontoclasm_vaults_hangar, gammafunk_its_a_trap,
          hangedman_vaults_stretched_pinwheel, nicolae_vaults_storage_closets_2,
          ontoclasm_vaults_gateway, nicolae_vaults_tetromino_L_1,
          vaults_dpeg_diagonal, nicolae_vaults_offset_grid_hallway_3, v_misc_10,
          nicolae_vaults_network_quinsquares
          [nicolae_vaults_network_quincunx_subvault,
          nicolae_vaults_network_quincunx_subvault,
          nicolae_vaults_network_quincunx_subvault,
          nicolae_vaults_network_quincunx_subvault], v_misc_2,
          nicolae_vaults_network_barrier, layout_vaults_maze_bifur,
          serial_shops, shop_coins
Vaults:2: portal_desolation_entry_salt, nicolae_vaults_tangent_ellipses,
          nicolae_vaults_asterisk, minmay_crypt_entry_necro_gods,
          vaults_mumra_hexcomb, nicolae_vaults_stairing_the_circle,
          nicolae_vaults_shelves_hall, nicolae_vaults_trapezoid_lopsided_1,
          grunt_vaults_focal, nicolae_vaults_diamond_1, layout_vaults_omnigrid
Vaults:3: vaults_dpeg_encased_lava, v_misc_14,
          nicolae_vaults_security_offices_6, hangedman_vaults_pinch,
          nicolae_vaults_trapezoid_4, nicolae_vaults_closet_pinwheel_2,
          nicolae_vaults_doubleplus_tesselated, layout_vaults_chaotic_city
Vaults:4: nicolae_vaults_little_squares_2, hangedman_vaults_capsules,
          vaults_room_stairs_pillars, vaults_room_boxed,
          nicolae_vaults_trapezoid_lopsided_1, nicolae_vaults_closet_pinwheel_6,
          ontoclasm_vaults_ring_square, nicolae_vaults_house_3,
          nicolae_vaults_little_ls, vaults_room_pools,
          nicolae_vaults_octothorpe, st_lines, layout_vaults_omnicross,
          uniq_donald, uniq_jory
Vaults:5
Crypt:1:  layout_basic, basic_altar, grunt_crypt_arrival_guarded_gate,
          grunt_megastairs_2, uniq_xtahua, uniq_bai_suzhen
Crypt:2:  layout_rooms, lemuel_upstairs_altar
Crypt:3:  david_glass_crypt, layout_basic,
          nicolae_tomb_entry_unfolded_pyramid_orthogonal, uniq_khufu,
          uniq_josephina
Depths:1: gammafunk_the_bubble [the_bubble_gammafunk_grid], layout_cave_shapes,
          enter_ziggurat_d, pan_entry, nicolae_kite_square_tiling_tiny,
          serial_shops, kennysheep_little_box, hell_entry, abyss_entry,
          minmay_fountain_box, drop_trap, serial_bayou_pond_e, tgw_lugonu_bribe
Depths:2: hangedman_pleasuredromes, hell_entry, abyss_entry, pan_entry
Depths:3: minmay_the_grid_triangle_9x9_rhombus_full
          [minmay_the_grid_triangle_9x9_skeleton,
          minmay_the_grid_triangle_9x9_steps,
          minmay_the_grid_triangle_9x9_tough_junction,
          minmay_the_grid_triangle_9x9_impossible_snake,
          minmay_the_grid_triangle_9x9_flanged_cone,
          minmay_the_grid_triangle_9x9_sparse_checkered,
          minmay_the_grid_triangle_9x9_longest,
          minmay_the_grid_triangle_9x9_prize_center], layout_cave_shapes,
          minmay_crystal_room, hangedman_abyss_entry_splay, hell_entry,
          infiniplex_staircase_split_hallway
Depths:4: grunt_zot_entry_alcove, layout_long_grid, serial_shops,
          bzr_entry_gold, hellmouth_1, nicolae_twisting_strands
Zot:1:    layout_onion_interference, st_stairs_3
Zot:2:    layout_misc_corridors, grunt_ministairs_2, nicolae_diode_basic,
          grunt_megastairs_1
Zot:3:    layout_misc_corridors, st_small_dragon_hoard_5, drop_trap,
          nrook_zot_tub
Zot:4:    ebering_greatest_show_in_zot, layout_misc_corridors
Zot:5:    layout_onion

Skill      XL: |  1  2  3  4  5  6  7  8  9 10 11 12 13 14 15 16 17 18 19 20 21 22 23 24 25 26 27 |
---------------+----------------------------------------------------------------------------------+-----
Unarmed Combat | 4 5 6 7 8 9 11 12 13 15 16 17 18 19 20 21 22 23 24 | 24.6
Fighting       | 5 6 8 9 10 11 13 14 16 17 18 20 21 | 21.4
Invocations    | 1 3 5 6 7 8 16 21 24 | 24.8
Armour         | 4 6 9 10 11 12 13 14 15 19 | 19.2
Stealth        | 3 5 6 |  6.0
Evocations     | 2 4 6 7 8 10 11 12 13 14 17 | 17.7
Dodging        | 5 7 9 10 | 10.3
Shields        | 8 10 11 12 13 14 15 | 15.0
Translocations | 10 | 10.5

Action                     |  1- 3 |  4- 6 |  7- 9 | 10-12 | 13-15 | 16-18 | 19-21 | 22-24 | 25-27 || total
---------------------------+-------+-------+-------+-------+-------+-------+-------+-------+-------++-------
  Melee: Unarmed           |    65 |    92 |   187 |   474 |   827 |  2154 |  1627 |  1731 |  2177 ||  9334
 Invoke: Heroism           |       |       |       |     6 |     8 |    13 |    12 |     9 |     6 ||    54
         Finesse           |       |       |       |       |       |       |     1 |     2 |     2 ||     5
  Evoke: Wand              |       |       |       |    18 |     3 |     5 |    12 |    24 |    47 ||   109
         Condenser vane    |       |       |       |       |       |     1 |     1 |     1 |     1 ||     4
         Lightning rod     |       |       |       |       |       |       |     8 |    10 |     4 ||    22
         Phial of floods   |       |       |       |       |       |       |       |     1 |     1 ||     2
    Use: Potion            |       |     1 |     1 |     1 |     2 |     2 |       |       |    17 ||    24
         Scroll            |       |       |    18 |     8 |     2 |     6 |     4 |     6 |    15 ||    59
   Stab: Paralysed         |       |       |       |     3 |       |       |     1 |       |       ||     4
         Sleeping          |       |       |       |       |    10 |    16 |    14 |     3 |       ||    43
         Petrified         |       |       |       |       |     4 |       |       |       |     1 ||     5
         Distracted        |       |       |       |       |     1 |     1 |     4 |     2 |       ||     8
         Confused          |       |       |       |       |       |     3 |       |       |       ||     3
         Invisible         |       |       |       |       |       |       |       |     8 |    27 ||    35
         Petrifying        |       |       |       |       |       |       |       |       |     1 ||     1
 Armour: Robe              |     4 |     1 |       |       |       |       |       |       |       ||     5
         Plate armour      |       |    28 |   106 |   176 |   133 |       |       |       |       ||   443
         Ice dragon scales |       |       |       |       |   168 |   628 |   399 |   230 |       ||  1425
         Crystal plate arm |       |       |       |       |       |       |       |   275 |   901 ||  1176
  Dodge: Dodged            |    24 |    33 |    58 |   171 |   367 |   940 |   730 |   578 |   779 ||  3680
  Block: Orb               |     6 |    16 |    43 |    73 |    71 |       |       |       |       ||   209
         Reflection        |       |       |     1 |     2 |     4 |    29 |    49 |    61 |    50 ||   196
         Kite shield       |       |       |       |       |   431 |  1826 |  1325 |  1314 |  1483 ||  6379

Table legend: (Time is in decaauts)
 A = Elapsed time spent in this place.
 B = Non-inter-level travel time spent in this place.
 C = Inter-level travel time spent in this place.
 D = Time resting spent in this place.
 E = Time spent auto-exploring this place.
 F = Levels seen in this place.
 G = Mean time per level.
                   A        B        C        D        E       F      G
               +--------+--------+--------+--------+--------+-----+--------+
         Total |  60450 |  55768 |   4682 |   7626 |  33906 |  59 | 1024.6 |
       Dungeon |  14179 |  12254 |   1925 |    930 |   9080 |  15 |  945.3 |
          Lair |   7246 |   6489 |    757 |    710 |   4261 |   5 | 1449.2 |
         Swamp |   3582 |   3447 |    135 |    365 |   2007 |   4 |  895.5 |
   Spider Nest |   5312 |   5152 |    160 |    666 |   3098 |   4 | 1328.0 |
    Slime Pits |    635 |    556 |     79 |     93 |     64 |   5 |  127.0 |
  Orcish Mines |   1247 |   1121 |    126 |      2 |    798 |   2 |  623.5 |
   Elven Halls |   2847 |   2730 |    117 |      9 |   1993 |   3 |  949.0 |
        Vaults |   8229 |   7555 |    674 |    940 |   4885 |   5 | 1645.8 |
         Crypt |   3558 |   3337 |    221 |    283 |   2301 |   3 | 1186.0 |
        Depths |   6323 |   6023 |    300 |   1742 |   2433 |   4 | 1580.8 |
           Zot |   6068 |   5885 |    183 |   1666 |   2546 |   5 | 1213.6 |
         Abyss |    288 |    288 |      0 |      8 |     16 |   2 |  144.0 |
        Bazaar |     80 |     80 |      0 |      0 |     70 |   1 |   80.0 |
      Ice Cave |    850 |    850 |      0 |    211 |    352 |   1 |  850.0 |
               +--------+--------+--------+--------+--------+-----+--------+

Top non-repeatable levels by time:
Vaults:4: 2052 daAuts
Vaults:2: 1988 daAuts
  Lair:2: 1962 daAuts
Depths:4: 1744 daAuts
Spider:3: 1617 daAuts
   Zot:3: 1599 daAuts
Vaults:1: 1587 daAuts
Depths:2: 1572 daAuts
Depths:3: 1541 daAuts
Vaults:3: 1487 daAuts
Depths:1: 1465 daAuts
  Lair:1: 1437 daAuts
Spider:1: 1437 daAuts
   Zot:2: 1409 daAuts
 Crypt:3: 1352 daAuts
